 Dungeon Crawl Stone Soup version 0.31-a0-1074-g0b22e4e0f1 (webtiles) character file.

Game seed: 10604227761263277269

46 BigDaddyOpFi the Changeling (level 3, -2/3 HPs)
             Began as a Troll Shapeshifter on Dec 8, 2023.
             Slain by a goblin
             ... wielding a +0 dagger of electrocution
              (3 damage)
             ... on level 2 of the Dungeon.
             The game lasted 00:01:45 (1256 turns).

BigDaddyOpFi the Changeling (Troll Shapeshifter)    Turns: 1256, Time: 00:01:45

Health: -2/3       AC:  0    Str: 24    XL:     3   Next: 44%
Magic:  2/2        EV: 10    Int:  6    God:
Gold:   126        SH:  0    Dex:  9    Spells: 2/2 levels left

rFire   . .          .
                       - Unarmed
rCold   . . .        (shield currently unavailable)
rNeg    . . .        a - melded +0 animal skin
rPois   ∞            (helmet currently unavailable)
rElec   +            (cloak currently unavailable)
rCorr   .            (gloves unavailable)
SInv    .            (boots unavailable)
Will    +....        (no amulet)
Stlth   +            m - ring of willpower
HPRegen 1.00/turn    (no ring)
MPRegen 0.08/turn

%: no passive effects
@: storm-form, flying
A: cleaving, insubstantial, flying, reduced hp, large, unfitting armour, (claws
3), regeneration 1, (shaggy fur 1), (tough skin 1)
a: Blinkbolt, Begin Untransformation


You were on level 2 of the Dungeon.
You were a lightning-filled tempest!
You visited 1 branch of the dungeon, and saw 2 of its levels.

You collected 126 gold pieces.

Inventory:

Armour
 a - a +0 animal skin (melded)
 f - a +0 hat
Jewellery
 m - a ring of willpower (left fist)
Talismans
 c - a beast talisman
 d - a flux talisman
 p - a storm talisman (active)
Scrolls
 e - a scroll of poison {unknown}
 h - a scroll of enchant armour {unknown}
 i - 2 scrolls of teleportation {unknown}
 k - a scroll of blinking {unknown}
Potions
 b - a potion of lignification
 g - 4 potions of curing {unknown}
 j - 2 potions of haste {unknown}
 l - a potion of invisibility {unknown}
 n - a potion of berserk rage {unknown}
 o - a potion of enlightenment {unknown}


   Skills:
 + Level 1.3 Fighting
 + Level 2.0 Dodging
 + Level 3.3 Unarmed Combat
 * Level 3.5 Shapeshifting


You had 2 spell levels left.
You didn't know any spells.
Your spell library was empty.

Dungeon Overview and Level Annotations

Branches:
Dungeon (2/15)

Altars:

Shops:
D:1 [


Innate Abilities, Weirdness & Mutations

You are a lightning-filled tempest!
Your electrical attacks strike out in all directions at once.
You are incredibly evasive.
Your insubstantial body is immune to petrification, constriction, and being set on fire You are flying.
Your maximum health is decreased, since you lack skill for your form.
Your armour is entirely melded.
You are incapable of wielding weapons or throwing items.
You are too large for most types of armour.
You are immune to poison.
((You have claws for hands.))
Your natural rate of healing is unusually fast.
((You are covered in fur. (AC +1)))
((You have tough skin. (AC +1)))


Message History

You scratch the quokka.
You kill the quokka!
You begin transforming.
You continue transforming. x3
Your transformation has ended.
You turn into a lightning-filled tempest!
Your +0 animal skin melds into your body.
g - 4 inky potions (gained 1)
You reach down and open the door.
There is an open door here.
A kobold comes into view. It is wielding a +0 whip.
Found 24 gold pieces.
The kobold shouts!
A kobold is nearby!
A kobold is nearby!
A kobold is nearby!
The kobold throws a stone.
The stone hits you. The kobold closely misses you.
You hit the kobold. Lightning courses through the kobold!
You kill the kobold!
Things that are here:
a +0 whip; a stone
Things that are here:
a +0 whip; a stone You now have 117 gold pieces (gained 15).
You now have 126 gold pieces (gained 9).
Found a leather armour.
No target in view!
Key pressed, stopping explore.
No target in view!
j - 2 brown potions (gained 1)
A goblin comes into view.
It is wielding a +0 dagger of electrocution.
The goblin shouts!
A goblin is nearby!
A kobold comes into view. It is wielding a +0 club.
The kobold shouts!
The kobold throws a stone.
The stone hits you.
Ouch! That really hurt!
The goblin hits you with a +0 dagger of electrocution.
Ouch! That really hurt!
You die...

#.# #.# #.# ..#.#
#.# #.#.## #.#
#....# #.# ...[
#g##### .## ...
########v....#
...#.#
#........###.K.≈
.##.#.###.########
. ..........#
....#.##### ...
#.# ## #.# #.# #.#


You could see a goblin and a kobold.

Vanquished Creatures
  A worm (D:2)
  2 dart slugs (D:1)
  A ball python (D:1)
  2 endoplasms (D:1)
  2 giant cockroaches
  3 goblins (D:1)
  3 hobgoblins
  3 jackals (D:2)
  3 quokkas
  6 bats
  2 frilled lizards (D:1)
  3 kobolds
  3 rats (D:1)
34 creatures vanquished.

Notes
Turn   | Place    | Note
-------+----------+-------------------------------------------
     0 | D:1      | BigDaddyOpFi the Troll Shapeshifter began the quest for the
                  | Orb.
     0 | D:1      | Reached XP level 1. HP: 18/18 MP: 0/0
   124 | D:1      | Reached skill level 1 in Fighting
   170 | D:1      | Reached XP level 2. HP: 27/27 MP: 1/1
   250 | D:1      | Found Juont's Antique Armour Boutique.
   557 | D:1      | Reached XP level 3. HP: 32/33 MP: 2/2
  1256 | D:2      | Slain by a goblin

Illustrated notes

Levels and vault maps discovered:
D:1:      denvon_arrival_planthouse, layout_basic, serial_shops, shop
D:2:      layout_loops_corners, dreamdust_wishing_well,
          nicolae_shop_unique_rings, minmay_crystal_water,
          amcnicky_mini_pool_small, kennysheep_generic_room_6

Skill      XL: |  1  2  3 |
---------------+----------+-----
Fighting       | 1 |  1.3
Dodging        | 2 |  2.0
Unarmed Combat | |  3.3
Shapeshifting  | |  3.5

Action                     || total
---------------------------++-------
  Melee: Unarmed           ||    89
         Punch             ||     1
   Stab: Sleeping          ||     2
 Armour: Animal skin       ||    54
         Skin              ||     3
  Dodge: Dodged            ||    54
   Form: Storm             ||     1

Table legend: (Time is in decaauts)
 A = Elapsed time spent in this place.
 B = Non-inter-level travel time spent in this place.
 C = Inter-level travel time spent in this place.
 D = Time resting spent in this place.
 E = Time spent auto-exploring this place.
 F = Levels seen in this place.
 G = Mean time per level.
                   A        B        C        D        E       F      G
               +--------+--------+--------+--------+--------+-----+--------+
         Total |   1250 |   1218 |     32 |      0 |    986 |   2 |  625.0 |
       Dungeon |   1250 |   1218 |     32 |      0 |    986 |   2 |  625.0 |
               +--------+--------+--------+--------+--------+-----+--------+

Top non-repeatable levels by time:
     D:1: 1001 daAuts
     D:2: 248 daAuts
